 Dungeon Crawl Stone Soup version 0.32-a0-996-gb3226c233f (webtiles) character file.

Game seed: 16296456730000451720

244347 nitefall the Slayer (level 20, -4/181 HPs)
             Began as a Djinni Conjurer on Apr 22, 2024.
             Was an Elder of Ashenzari.
             Killed by the air
             ... invoked by a wind drake
              (19 damage)
             ... on level 4 of the Shoals on Apr 23, 2024.
             The game lasted 01:43:04 (32357 turns).

nitefall the Slayer (Djinni Conjurer)              Turns: 32357, Time: 01:43:05

Health: -4/181     AC: 14    Str:  6    XL:     20   Next: 70%
Gold:   3438       EV: 19    Int: 33    God:    Ashenzari [****..] SH: 17 Dex: 16

rFire   + + .        n - staff "I Knew You'd Do That" (curse) {rC+ rN+ Stlth+ Summ Fire Ice, Self, Elem} (curse)
rCold   + + +        V - +0 kite shield
rNeg    + + .        R - +3 troll leather armour "I Foresaw This" {Regen+, Self, Comp} (curse)
rPois   ∞            M - +2 helmet of the Lashed Asceticism {+Inv rCorr Slay+2, Self, Range} (curse)
rElec   .            b - +0 cloak of Ashenzari's Secrets {rC+ Int+4 Dex-5, Cun, Self} (curse)
rCorr   +            O - +2 pair of gloves of Ashenzari's Vision {rC++, Dev, Self} (curse)
SInv    +            (boots unavailable)
Will    +++..        P - amulet "Cursed Portent" {Reflect Dex+5 SH+5, Bglg, Self} (curse)
Stlth   +++          C - ring of the Hare {EV+10}
HPRegen 1.30/turn    I - ring "Hahiyrgh" {rN+ Will+ Int+4 Slay-3}

%: reflection, clarity, infuse magic (-5 HP)
@: marked, flying, studying Necromancy
A: sickness immunity, fire resistance 2, cold vulnerability 1, float, innate
caster, HP casting, extra vitality 1
}: 1/15 runes: gossamer
a: Renounce Religion, Evoke Invisibility, Curse Item, Shatter the Chains


You were on level 4 of the Shoals.
You worshipped Ashenzari.
Ashenzari was greatly pleased with you.
You visited 6 branches of the dungeon, and saw 31 of its levels.
You also visited: Ossuary and Ice Cave.

You collected 3877 gold pieces.
You spent 439 gold pieces at shops.

Inventory:

Missiles
 L - 3 throwing nets
Armour
 a - the +2 hat of Inquiry {rC+ rCorr Int+4}
   (You found it on level 4 of the Spider Nest)

   Int+4:     It affects your intelligence (+4).
   rC+:       It protects you from cold.
   rCorr:     It protects you from acid and corrosion.
 b - the cursed +0 cloak of Ashenzari's Secrets (worn) {rC+ Int+4 Dex-5, Cun, Self}
   (You acquired it on level 10 of the Dungeon)

   Int+4:     It affects your intelligence (+4).
   Dex-5:     It affects your dexterity (-5).
   rC+:       It protects you from cold.
   It has a curse which improves the following skills: Cunning: Dodging and
   Stealth.
   Introspection: Fighting and Spellcasting.
 M - the cursed +2 helmet of the Lashed Asceticism (worn) {+Inv rCorr Slay+2, Self, Range}
   (You found it on level 3 of the Spider Nest)

   Slay+2:    It affects your accuracy & damage with ranged weapons and melee
   (+2).
   +Inv:      It lets you turn invisible.
   rCorr:     It protects you from acid and corrosion.
   It has a curse which improves the following skills: Introspection: Fighting
   and Spellcasting.
   Ranged Combat: Ranged Weapons and Throwing.
 O - the cursed +2 pair of gloves of Ashenzari's Vision (worn) {rC++, Dev, Self}
   (You acquired it on level 1 of the Lair of Beasts)

   rC++:      It greatly protects you from cold.
   It has a curse which improves the following skills: Devices: Evocations and
   Shapeshifting.
   Introspection: Fighting and Spellcasting.
 R - the cursed +3 troll leather armour "I Foresaw This" (worn) {Regen+, Self, Comp}
   (You found it on level 10 of the Dungeon)

   Regen+:    It increases your rate of health regeneration.
   It has a curse which improves the following skills: Introspection: Fighting
   and Spellcasting.
   Companions: Summonings and Necromancy.
 V - a +0 kite shield (worn)
Magical Staves
 n - the cursed staff "I Knew You'd Do That" (weapon) {rC+ rN+ Stlth+ Summ Fire Ice, Self, Elem}
   (You found it on level 2 of the Dungeon)

   [staff of cold]

   Base accuracy: +5 Base damage: 5 Base attack delay: 1.2 This weapon's minimum
   attack delay (0.6) is reached at skill level 12.
   rC+:       It protects you from cold.
   rN+:       It protects you from negative energy.
   Stlth+:    It makes you more stealthy.
   Summ:      It increases the power of your Summonings spells.
   Fire:      It increases the power of your Fire spells.
   Ice:       It increases the power of your Ice spells.
   It falls into the 'Staves' category.
   It is a one-handed weapon.
   It has a curse which improves the following skills: Introspection: Fighting
   and Spellcasting.
   Elements:  Fire Magic, Ice Magic, Air Magic and Earth Magic.
Jewellery
 C - the ring of the Hare (left hand) {EV+10}
   (You found it on level 5 of the Lair of Beasts)

   [ring of evasion]

   EV+10:     It affects your evasion (+10).
 E - a +6 ring of dexterity
 I - the ring "Hahiyrgh" (right hand) {rN+ Will+ Int+4 Slay-3}
   (You acquired it on level 13 of the Dungeon)

   [ring of willpower]

   Int+4:     It affects your intelligence (+4).
   Slay-3:    It affects your accuracy & damage with ranged weapons and melee
   (-3).
   rN+:       It protects you from negative energy.
   Will+:     It increases your willpower.
 P - the cursed amulet "Cursed Portent" (around neck) {Reflect Dex+5 SH+5, Bglg, Self}
   (You found it on level 9 of the Dungeon)

   [amulet of reflection]

   Reflect:   It reflects blocked missile attacks.
   Dex+5:     It affects your dexterity (+5).
   SH+5:      It affects your SH (+5).
   It has a curse which improves the following skills: Beguiling: Hexes and
   Translocations.
   Introspection: Fighting and Spellcasting.
Wands
 m - a wand of iceblast (2)
 w - a wand of charming (30)
 y - a wand of flame (47)
 K - a wand of light (16)
 Q - a wand of polymorph (4)
 T - a wand of mindburst (9)
Scrolls
 e - 7 scrolls of revelation
 f - 5 scrolls of immolation
 h - 4 scrolls of poison
 i - 4 scrolls of enchant armour
 j - 5 scrolls of enchant weapon
 k - 4 scrolls of summoning
 o - 15 scrolls of teleportation
 t - 6 scrolls of fear
 x - 2 scrolls of silence
 A - 5 scrolls of torment
 H - 4 scrolls of vulnerability
Potions
 c - 2 potions of heal wounds
 d - 4 potions of lignification
 g - 20 potions of curing
 l - 3 potions of berserk rage
 p - a potion of attraction
 q - 7 potions of haste
 r - a potion of might
 s - 5 potions of enlightenment
 u - a potion of resistance
 v - 2 potions of invisibility
 z - 3 potions of mutation
 B - 11 potions of ambrosia
 D - 3 potions of brilliance
 F - a potion of cancellation


   Skills:
 + Level 21.8(27) Fighting
 - Level 4.0 Armour
 - Level 2.1(3.6) Dodging
 - Level 1.5(2.8) Stealth
 - Level 12.0 Shields
 + Level 18.5(24.0) Spellcasting
 + Level 18.5 Conjurations
 + Level 18.5(20.1) Hexes
 + Level 18.5(20.1) Summonings
 + Level 21.5(23.0) Necromancy
 + Level 18.5(20.1) Translocations
 + Level 18.5(20.1) Fire Magic
 + Level 18.5(20.1) Ice Magic
 + Level 18.5(20.1) Air Magic
 + Level 18.5(20.1) Earth Magic
 + Level 18.5 Alchemy


You knew the following spells:

 Your Spells              Type           Power      Damage    Failure   Level
a - Magic Dart            Conj           100%       1d8       0%          1
b - Fulminant Prism       Conj/Alch      52%        3d23      1%          4
c - Iskenderun's Mystic   Conj/Tloc      100%       2d19      (+2d10%     4
d - Call Canine Familiar  Summ           100%       N/A       0%          3
e - Conjure Ball Lightni  Conj/Air       53%        3x3d18    1%          6
f - Blink                 Tloc           100%       N/A       0%          2
g - Searing Ray           Conj           100%       2d8       0%          2
h - Sandblast             Erth           100%       2d20      0%          1
i - Dimensional Bullseye  Hex/Tloc       53%        N/A       0%          4
j - Silence               Hex/Air        53%        N/A       1%          5
k - Frozen Ramparts       Ice            100%       1d16      0%          3
l - Gell's Gavotte        Tloc           53%        2d(35-52) 1%          6
m - Enfeeble              Hex            53%        N/A       1%          7
Your spell library was empty.

Dungeon Overview and Level Annotations

Branches:
Dungeon (15/15)            Temple (1/1) D:5            Lair (5/5) D:8
 Shoals (4/4) Lair:2       Spider (4/4) Lair:3        Slime (0/5) Lair:5
    Orc (2/2) D:11            Elf (0/3) Orc:2        Vaults (0/5) D:14
 Depths (0/4) D:15        Ossuary (visited)           IceCv (visited)

Altars:
Ashenzari
Cheibriados
Dithmenos
Elyvilon
Fedhas
Gozag
Hepliaklqana
Makhleb
Nemelex Xobeh
Okawaru
Qazlal
Ru
Trog
Uskayaw
Wu Jian
Xom
Yredelemnul
Zin
The Shining One
Beogh
Jiyva

Shops:
Orc:2 !:(=!   Shoals:2 (

Annotations:
D:3 3 runed translucent doors, anet's ghost, amateur DjHW


Innate Abilities, Weirdness & Mutations

You are immune to sickness and miasma.
You are immune to poison.
Your flesh is very heat resistant. (rF++)
You are vulnerable to cold. (rC-)
You float through the air rather than walking.
You learn spells naturally, not from books.
Your magical power is your life essence.
You have superior vitality. (+4 MHP)


Message History

The merfolk impaler is moderately wounded.
The mystic blast hits the merfolk impaler!
The merfolk impaler is severely wounded.
The merfolk impaler is knocked back by the mystic blast.
The merfolk impaler collides with the merfolk aquamancer!
The merfolk aquamancer is moderately wounded.
The merfolk impaler is severely wounded.
The mystic blast hits the harpy!!
The harpy is almost dead.
The harpy is knocked back by the mystic blast.
* * * LOW HITPOINT WARNING * * *
The merfolk throws a boomerang.
The boomerang closely misses you. You block the merfolk impaler's attack.
The merfolk impaler attacks as it pursues you!
The merfolk impaler hits you from afar with a +2 heavy trident!!
* * * LOW HITPOINT WARNING * * *
Casting: Iskenderun's Mystic Blast (safe; 0% risk of failure)
Confirm with . or Enter, or press ? or * to list all spells.
You erupt in a blast of force!
The mystic blast hits the merfolk impaler!!
The merfolk impaler is heavily wounded.
The merfolk impaler is knocked back by the mystic blast.
The mystic blast hits the merfolk impaler!!
You kill the merfolk impaler!
The mystic blast hits the alligator snapping turtle but does no damage.
The alligator snapping turtle is severely wounded.
The mystic blast hits the plant!!
The plant begins to die.
The plant is lightly damaged.
The mystic blast hits the water nymph!
The water nymph is moderately wounded.
The water nymph is knocked back by the mystic blast.
The mystic blast hits the harpy!
You kill the harpy!
* * * LOW HITPOINT WARNING * * *
You block the alligator snapping turtle's attack.
The manticore flicks its tail.
The volley of spikes skewers you but does no damage.
The wind drake flaps its wings at you. The air twists around and strikes you!!
You die...

~~~~~~.~~~...............~~~~#~~~
~~~~~~~...)..~.[......~~.~~~~#~#~
~~~~~.........~~††.....~.~~...#~#
≈~~~~t.~~~~~~~~~~~.†k.~..~~....#~
~~~~....~..~m~m~~.~~P....~~...~~#
~~~.###...~~~~~~.m.~~P~P~~~~~~~~~
~~..# #...~~~~~.tm).~~~~P~~~~~~~~
~~){###.##~~~~~.~"..~~~~~~~~~~~~~
~~~....##.~~H.~.@.~~~≈≈~~~~~~~###
~{~~.....~~~..~..~~≈≈≈≈~PP~)~##~~
≈H~~~~~{~~~~~..~~~P≈~P~P~~~~##~,,
≈~~~~~~~~~~....~~P~P~~~~~≈~~#~{,*
#####~~~~.......~~~~P~~~~≈~.#~,~~
~~~~##~~........~~~PPP~~~~≈~#~,~~
.,,,~##~..........~~~~~~~~~~#~,,~
.m~~~~#...).........~~~~~~).#~*∆,
~#≈*~,#....$..........~~~~†.#*~*,


You could see an alligator snapping turtle, a merfolk impaler, a merfolk
aquamancer, a wind drake (repels missiles), a merfolk, a manticore and a water
nymph.

Vanquished Creatures
  Arachne (Spider:2)
  Jorgrun (D:14)
  2 krakens
  Aizul (Spider:2)
  6 emperor scorpions (Spider:4)
  5 ghost moths
  3 broodmothers
  A minotaur (Lair:4)
  3 spark wasps
  2 quicksilver dragon zombies (D:15)
  4 merfolk javelineers
  Josephine (D:14)
  9 merfolk impalers
  4 entropy weavers
  A rakshasa (D:15)
  Erolcha (D:9)
  6 hydras
  5 merfolk avatars
  An anaconda (Lair:3)
  3 radroaches
  2 alligator snapping turtles
  2 catoblepae
  4 centaur warriors
  A satyr (Shoals:2)
  2 two-headed ogres
  3 jorogumos
  8 boulder beetles
  3 demonic crawlers
  4 merfolk aquamancers
  4 orc high priests (Orc:2)
  A vampire mage (D:15)
  An occultist (D:15)
  Urug (D:11)
  11 skeletal warriors
  Amaemon (D:9)
  Lodul (D:14)
  8 pharaoh ants
  3 skysharks
  A storm dragon skeleton (D:15)
  9 sea snakes
  8 orb spiders
  5 steelbarb worms
  A sun moth (Spider:2)
  A necromancer (D:15)
  27 harpies
  2 obsidian bats (Orc:2)
  An oklob plant (Lair:2)
  12 ugly things
  19 wolf spiders
  16 fauns
  2 orc sorcerers (Orc:2)
  9 manticores
  4 cyclopes
  4 meliai
  2 kobold blastminers (Orc:1)
  2 ice statues (IceCv)
  3 moths of wrath
  A guardian serpent (D:15)
  A merfolk siren (Shoals:1)
  11 water nymphs
  6 black mambas
  18 cane toads
  A cane toad (shapeshifter) (D:14)
  6 torpor snails
  2 unseen horrors
  An orange demon (D:9)
  Maggie (Lair:1)
  A yaktaur (D:15)
  An efreet (D:13)
  7 komodo dragons
  A rime drake (Lair:3)
  7 polar bears
  3 wind drakes
  26 merfolk
  A queen bee (Lair:1)
  5 trolls
  23 tarantellas
  8 hornets
  12 snapping turtles
  16 dream sheep
  10 blink frogs
  24 jumping spiders
  11 water elementals
  13 spriggans
  25 culicivoras
  2 shadows (D:11)
  63 yaks
  11 slime creatures
  A yak (shapeshifter) (D:15)
  8 wyverns
  6 wraiths
  7 basilisks
  A steam dragon (D:9)
  A warg (Orc:1)
  14 vampire mosquitoes
  A golden eye (shapeshifter) (D:15)
  A death yak simulacrum (IceCv)
  80 redbacks
  An acid dragon (D:9)
  8 water moccasins
  4 ice beasts
  6 black bears
  22 orc warriors
  2 laughing skulls (D:14)
  10 ogres
  20 wolves
  9 boggarts
  11 centaurs
  A phantom (D:7)
  5 kobold brigands
  3 elf zombies (Ossuary)
  14 bullfrogs
  2 gnoll sergeants
  2 scorpions
  A cane toad simulacrum (IceCv)
  10 wights
  36 killer bees
  14 electric eels
  9 howler monkeys
  A crimson imp (D:4)
  A bombardier beetle (D:6)
  3 hounds
  3 centaur zombies (Ossuary)
  36 orc priests
  A gnoll bouda (D:5)
  9 jellies
  6 iguanas
  23 orc wizards
  3 hell rats (D:8)
  2 polar bear simulacra (IceCv)
  6 hound zombies (Ossuary)
  3 mummies
  11 gnolls
  4 adders
  A river rat (D:8)
  A white imp (D:6)
  2 ufetubi (D:6)
  2 adder zombies (Ossuary)
  A dart slug (D:2)
  A ribbon worm (D:5)
  63 orcs
  10 endoplasms
  4 giant cockroaches
  8 gnoll zombies (Ossuary)
  8 goblins
  8 hobgoblins
  5 jackals
  A quokka (D:4)
  4 ball pythons
  4 bats
  2 frilled lizards
  A goblin zombie (D:5)
  3 jackal zombies (Ossuary)
  31 kobolds
  6 kobold zombies (Ossuary)
  7 orc zombies
  4 rats
  3 ball lightnings (Shoals:3)
  2 fulminant prisms
  7 tentacles (Shoals:1)
1177 creatures vanquished.

Vanquished Creatures (others)
  29 ball lightnings
  226 fulminant prisms
  13 tentacles
268 creatures vanquished.

Grand Total: 1445 creatures vanquished

Notes
Turn   | Place    | Note
-------+----------+-------------------------------------------
     0 | D:1      | nitefall the Djinni Conjurer began the quest for the Orb.
     0 | D:1      | nitefall set off with the following spells memorised: Magic
                  | Dart, Searing Ray, Fulminant Prism, Iskenderun's Mystic
                  | Blast.
     0 | D:1      | Reached XP level 1. HP: 15/15 MP: 0/0
   165 | D:1      | Reached XP level 2. HP: 18/21 MP: 0/0
   725 | D:1      | Reached XP level 3. HP: 24/25 MP: 0/0
   725 | D:1      | Learned a level 1 spell: Sandblast
   962 | D:2      | Identified the staff "Hotsekka" {rC+ rN+ Stlth+ Summ Fire
                  | Ice}
   987 | D:2      | Found a faded altar of an unknown god.
  1280 | D:2      | Reached XP level 4. HP: 30/31 MP: 0/0
  2109 | D:3      | Identified the +8 flail of Urgency {elec, rPois rC+ Str-4
                  | Int+3}
  2368 | D:3      | Found a runed translucent gate.
  2368 | D:3      | Found a runed translucent gate.
  2368 | D:3      | Found a runed translucent gate.
  2373 | D:3      | Noticed anet's ghost (amateur DjHW)
  2642 | D:4      | Reached skill level 5 in Spellcasting
  2642 | D:4      | Reached skill level 5 in Conjurations
  2642 | D:4      | Reached skill level 5 in Hexes
  2642 | D:4      | Reached skill level 5 in Summonings
  2642 | D:4      | Reached skill level 5 in Necromancy
  2642 | D:4      | Reached skill level 5 in Translocations
  2642 | D:4      | Reached skill level 5 in Fire Magic
  2642 | D:4      | Reached skill level 5 in Ice Magic
  2642 | D:4      | Reached skill level 5 in Air Magic
  2642 | D:4      | Reached skill level 5 in Earth Magic
  2642 | D:4      | Reached skill level 5 in Alchemy
  2642 | D:4      | Reached XP level 5. HP: 28/35 MP: 0/0
  2642 | D:4      | Learned a level 2 spell: Blink
  3167 | D:4      | Noticed a black bear
  3177 | D:4      | Killed a black bear
  3178 | D:4      | Reached XP level 6. HP: 28/40 MP: 0/0
  3405 | D:4      | Found a burning altar of Makhleb.
  3456 | D:5      | Entered Level 5 of the Dungeon
  3536 | D:5      | Found a sand-covered staircase.
  3544 | Ossuary  | Entered an ossuary
  3630 | Ossuary  | Reached XP level 7. HP: 14/45 MP: 0/0
  3630 | Ossuary  | Learned a level 3 spell: Call Canine Familiar
  4365 | Ossuary  | Reached XP level 8. HP: 21/50 MP: 0/0
  5050 | D:5      | Found a staircase to the Ecumenical Temple.
  5115 | D:5      | Found a hazy altar of Hepliaklqana.
  5124 | D:5      | Reached skill level 1 in Fighting
  5124 | D:5      | Reached skill level 1 in Armour
  5124 | D:5      | Reached skill level 1 in Shields
  5505 | Temple   | Entered the Ecumenical Temple
  6237 | D:6      | Reached XP level 9. HP: 44/58 MP: 0/0
  6237 | D:6      | Learned a level 3 spell: Frozen Ramparts
  6397 | D:6      | Found a glowing silver altar of Zin.
  6397 | D:6      | Found a stormy altar of Qazlal.
  6403 | D:6      | Found a shadowy altar of Dithmenos.
  6405 | D:6      | Found a sparkling altar of Nemelex Xobeh.
  6407 | D:6      | Found a faded altar of an unknown god.
  6547 | D:6      | Identified the +0 plate armour "Wyataurch" {rElec Will+}
  8339 | D:8      | Noticed a hornet
  8346 | D:8      | Killed a hornet
  8347 | D:8      | Reached XP level 10. HP: 50/69 MP: 0/0
  8501 | D:8      | Reached skill level 5 in Fighting
  8501 | D:8      | Reached skill level 5 in Shields
  9096 | D:8      | Found a staircase to the Lair.
  9362 | D:9      | Noticed Amaemon
  9438 | D:9      | Noticed an orange demon
  9449 | D:9      | Killed an orange demon
  9454 | D:9      | Killed Amaemon
  9455 | D:9      | Reached XP level 11. HP: 46/78 MP: 0/0
  9455 | D:9      | Learned a level 4 spell: Dimensional Bullseye
  9577 | D:9      | Noticed Erolcha
  9595 | D:9      | Killed Erolcha
  9800 | D:9      | Found a broken altar of Ashenzari.
  9811 | D:9      | Became a worshipper of Ashenzari the Shackled
 10002 | D:9      | Reached skill level 10 in Spellcasting
 10002 | D:9      | Reached skill level 10 in Conjurations
 10002 | D:9      | Reached skill level 10 in Hexes
 10002 | D:9      | Reached skill level 10 in Summonings
 10002 | D:9      | Reached skill level 10 in Necromancy
 10002 | D:9      | Reached skill level 10 in Translocations
 10002 | D:9      | Reached skill level 10 in Fire Magic
 10002 | D:9      | Reached skill level 10 in Ice Magic
 10002 | D:9      | Reached skill level 10 in Air Magic
 10002 | D:9      | Reached skill level 10 in Earth Magic
 10002 | D:9      | Reached skill level 10 in Alchemy
 10166 | D:9      | Identified the amulet "Unoschecw" {Reflect Dex+5 SH+5}
 10359 | D:9      | Found a hide-covered altar of Uskayaw.
 10413 | D:10     | Entered Level 10 of the Dungeon
 10503 | D:10     | Identified a scroll of acquirement
 10506 | D:10     | Acquired the +0 cloak of Defence {rC+ Int+4 Dex-5}
 11434 | D:11     | Noticed a green ugly thing
 11446 | D:11     | Killed a green ugly thing
 11447 | D:11     | Reached XP level 12. HP: 71/91 MP: 0/0
 11674 | D:11     | Noticed Urug
 11676 | D:11     | Found a roughly hewn altar of Beogh.
 11676 | D:11     | Found a staircase to the Orcish Mines.
 11779 | D:11     | Killed Urug
 11780 | D:11     | Reached skill level 10 in Fighting
 11981 | D:11     | Noticed a two-headed ogre
 11990 | D:11     | Killed a two-headed ogre
 12274 | Lair:1   | Entered Level 1 of the Lair of Beasts
 12469 | Lair:1   | Acquired the +2 pair of gloves "Wotiez" {rC++}
 12470 | Lair:1   | Acquired 1001 gold pieces
 12709 | Lair:1   | Reached * piety under Ashenzari
 12716 | Lair:1   | Noticed Maggie
 12723 | Lair:1   | Killed Maggie
 12798 | Lair:1   | Identified the orb "Zaosel" {light, rPois rN++ Summ}
 13675 | Lair:2   | Noticed a catoblepas
 13684 | Lair:2   | Killed a catoblepas
 13685 | Lair:2   | Reached XP level 13. HP: 80/102 MP: 0/0
 13685 | Lair:2   | Learned a level 5 spell: Silence
 14023 | Lair:2   | Found a blossoming altar of Fedhas.
 14197 | Lair:2   | Found a staircase to the Shoals.
 14644 | Lair:3   | Reached skill level 10 in Shields
 14729 | Lair:3   | Found a hole to the Spider Nest.
 14753 | Lair:3   | Noticed a seven-headed hydra
 14759 | Lair:3   | Killed a seven-headed hydra
 15046 | Lair:3   | Noticed a catoblepas
 15093 | Lair:3   | Killed a catoblepas
 15658 | Lair:3   | Noticed an anaconda
 15661 | Lair:3   | Killed an anaconda
 15662 | Lair:3   | Reached XP level 14. HP: 86/111 MP: 0/0
 16165 | Lair:4   | Reached ** piety under Ashenzari
 16302 | Lair:4   | Identified the +0 chain mail "Osotoak" {Str+2 Int+5}
 16407 | Lair:4   | Found a runed translucent door.
 17006 | Lair:4   | Noticed a minotaur
 17019 | Lair:4   | Killed a minotaur
 17166 | Lair:5   | Entered Level 5 of the Lair of Beasts
 17568 | Lair:5   | Found the ring of the Hare {EV+10}
 17606 | Lair:5   | Reached XP level 15. HP: 112/122 MP: 0/0
 17606 | Lair:5   | Learned a level 6 spell: Conjure Ball Lightning
 18064 | Lair:5   | Reached *** piety under Ashenzari
 18121 | Lair:5   | Found a staircase to the Slime Pits.
 18122 | Lair:5   | Found a viscous altar of Jiyva.
 18438 | Orc:1    | Entered Level 1 of the Orcish Mines
 18573 | Orc:2    | Entered Level 2 of the Orcish Mines
 18573 | Orc:2    | Found a staircase to the Elven Halls.
 18598 | Orc:1    | Found a frozen archway.
 18610 | IceCv    | Entered an ice cave
 18618 | IceCv    | Found a transporter.
 18656 | IceCv    | Found a transporter.
 18968 | Orc:2    | HP: 2/127 [orc priest/divine providence (16)]
 18987 | Orc:2    | HP: 5/127 [orc priest/divine providence (15)]
 19095 | Orc:2    | Reached skill level 15 in Fighting
 19230 | Orc:2    | Found a roughly hewn altar of Beogh.
 19270 | Orc:2    | Found Wiyrrig's Distillery.
 19278 | Orc:2    | Bought a potion of brilliance for 72 gold pieces
 19278 | Orc:2    | Bought a potion of curing for 54 gold pieces
 19278 | Orc:2    | Bought a potion of brilliance for 72 gold pieces
 19509 | Orc:2    | Found Nigyemn's Jewellery Boutique.
 19510 | Orc:2    | Found Atwery's Book Shop.
 19511 | Orc:2    | Found Ephucsem's Distillery.
 19515 | Orc:2    | Found Siomud's Antique Weapon Boutique.
 19519 | Orc:2    | Bought a shimmering sling for 156 gold pieces
 19519 | Orc:2    | Identified the +10 sling "Killer Bee's Bane" {speed, Str+5}
                  | (You bought it in a shop on level 2 of the Orcish Mines)
 19520 | Orc:2    | Bought a potion of heal wounds for 85 gold pieces
 21422 | D:13     | Acquired the ring "Hahiyrgh" {rN+ Will+ Int+4 Slay-3}
 21868 | D:14     | Acquired a manual of Necromancy
 21872 | D:14     | Found a gate to the Vaults.
 21960 | D:14     | Reached XP level 16. HP: 130/138 MP: 0/0
 21988 | D:14     | Identified the +5 ring mail "Qoazaaby" {*Slow Int+6 Dex+3}
 22072 | D:14     | Noticed Jorgrun
 22081 | D:14     | Killed Jorgrun
 22082 | D:14     | Noticed Lodul
 22091 | D:14     | Killed Lodul
 22342 | D:14     | Reached skill level 15 in Necromancy
 22361 | D:14     | Noticed Josephine
 22374 | D:14     | Killed Josephine
 22632 | D:14     | Found a hide-covered altar of Uskayaw.
 22759 | D:15     | Entered Level 15 of the Dungeon
 22894 | D:15     | Reached skill level 15 in Spellcasting
 22894 | D:15     | Reached skill level 15 in Conjurations
 22894 | D:15     | Reached skill level 15 in Hexes
 22894 | D:15     | Reached skill level 15 in Summonings
 22894 | D:15     | Reached skill level 15 in Translocations
 22894 | D:15     | Reached skill level 15 in Fire Magic
 22894 | D:15     | Reached skill level 15 in Ice Magic
 22894 | D:15     | Reached skill level 15 in Air Magic
 22894 | D:15     | Reached skill level 15 in Earth Magic
 22894 | D:15     | Reached skill level 15 in Alchemy
 23213 | D:15     | Found a staircase to the Depths.
 24292 | Spider:1 | Entered Level 1 of the Spider Nest
 24715 | Spider:1 | Reached XP level 17. HP: 58/148 MP: 0/0
 24715 | Spider:1 | Learned a level 6 spell: Gell's Gavotte
 25200 | Spider:2 | Identified the +8 falchion of Brawling {venom, rN+ Str+3}
 25395 | Spider:2 | Noticed Arachne
 25410 | Spider:2 | Killed Arachne
 25710 | Spider:2 | Identified the serpent talisman of Parts Unknown {+Blink
                  | rElec rF++}
 25710 | Spider:2 | Noticed Aizul
 25725 | Spider:2 | Killed Aizul
 26190 | Spider:3 | Identified the ring "Mowkegot" {rF- rC+ Str+4 Dex+6 SInv}
 26363 | Spider:3 | Identified the +2 helmet of Polytheism {+Inv rCorr Slay+2}
 26946 | Spider:4 | Entered Level 4 of the Spider Nest
 27081 | Spider:4 | Reached XP level 18. HP: 141/157 MP: 0/0
 27418 | Spider:4 | Identified the +2 hat of Inquiry {rC+ rCorr Int+4}
 27422 | Spider:4 | Got a gossamer rune of Zot
 28119 | Shoals:1 | Entered Level 1 of the Shoals
 28583 | Shoals:1 | Noticed a kraken
 28599 | Shoals:1 | Killed a kraken
 29752 | Shoals:2 | Reached XP level 19. HP: 103/167 MP: 0/0
 29752 | Shoals:2 | Learned a level 7 spell: Enfeeble
 29871 | Shoals:2 | Upgraded the game from 0.32-a0-994-gabb26cbae4 to
                  | 0.32-a0-996-gb3226c233f
 30004 | Shoals:2 | Reached **** piety under Ashenzari
 30169 | Shoals:2 | Found Lepo's Antique Weapon Boutique.
 31697 | Shoals:4 | Entered Level 4 of the Shoals
 32017 | Shoals:4 | Reached XP level 20. HP: 180/180 MP: 0/0
 32302 | Shoals:4 | HP: 3/181 [merfolk javelineer/silver javelin (13)]
 32302 | Shoals:4 | HP: 1/181 [merfolk javelineer/silver javelin (2)]
 32357 | Shoals:4 | Killed from afar by a wind drake

Illustrated notes

Levels and vault maps discovered:
D:1:      lemuel_arrival_rhombus, layout_basic
D:2:      layout_basic, hellmonk_ecumenical_altar_dog_temple,
          minmay_tiny_reverse_x
D:3:      layout_basic, ebering_ghost_rock_garden
D:4:      layout_loops_ring, grunt_temple_overflow_lords_of_destruction
D:5:      layout_basic, mainiacjoe_overflow_catwalk, minmay_temple_entry_wispy,
          nicolae_ossuary_entry_giza, kennysheep_generic_room_10
D:6:      layout_basic, chequers_temple_overflow_minitemple
D:7:      layout_layer_cave, kb_lookout_dungeons_type, grunt_ogre_cave,
          abandoned_shop
D:8:      layout_gridville, dpeg_lair_monsters
D:9:      layout_cave_pools, lemuel_coloured_pillars_altar,
          mainiacjoe_overflow_small_starburst, minmay_misc_feat_pillars,
          grunt_decor_one_mirror, st_stairs_10, uniq_amaemon, uniq_erolcha
D:10:     layout_loops_cross
D:11:     layout_roguey, david_orc_5, uniq_urug
D:12:     layout_long_grid
D:13:     layout_irregular_city, nicolae_hexahallways, dpeg_stationary_puzzle
D:14:     layout_roguey, hellmonk_vaults_attempted_burglary,
          infiniplex_staircase_split_hallway, serial_bayou, serial_bayou_pond_a,
          serial_bayou_crossing, serial_bayou_pond_e, serial_bayou_pond_c,
          nicolae_uskayaw_murder_on_the_dancefloor, uniq_jorgrun, uniq_lodul,
          uniq_josephine
D:15:     gammafunk_depths_entry_grave, layout_basic, serial_co_window_serial,
          co_window_corner_a, co_window_corner_a, co_window_corner_a,
          co_window_of_opportunity_a, co_window_paths_b, co_window_corner_a,
          co_window_corner_a, co_window_unsneaky_path_c,
          co_window_of_opportunity_c, glass_columns_b, glass_columns_a,
          glass_columns_b, minmay_crystal_water, nrook_guardian_serpent_double
Temple:   nicolae_temple_bog_church
Lair:1:   layout_gridlike, special_room [special_room_bee],
          chequers_serial_rivers_room_b, uniq_maggie
Lair:2:   layout_chaotic_city, nicolae_shoals_entry_roost, tgw_fedhas,
          serial_bayou_shore_b, lemuel_fruit_tree
Lair:3:   layout_hall_layers, hellmonk_spider_entry_life_and_decay,
          nicolae_lair_lakeside_cave
Lair:4:   dreamdust_labyrinth, layout_small_grid, serial_bayou_shore_b
Lair:5:   minmay_lair_end_enchanted_forest, layout_long_grid,
          nicolae_slime_entry_slimehenge
Shoals:1: layout_shoals, nicolae_splish_splash
Shoals:2: layout_shoals, serial_shops, shop
Shoals:3: layout_shoals, nicolae_shoals_gull_way
Shoals:4: shoals_end_hangedman, layout_shoals
Spider:1: layout_spider_delve
Spider:2: nicolae_spider_hall_of_the_moth_king, uniq_arachne, uniq_aizul
Spider:3: layout_spider_delve, guppyfry_hornet_nest
Spider:4: grunt_spider_rune_circles
Orc:1:    layout_caves, portal_ice_cave_entry_pillars_2
Orc:2:    st_orc_mages, layout_caves, serial_shops, nicolae_shop_stone,
          basic_altar

Skill      XL: |  1  2  3  4  5  6  7  8  9 10 11 12 13 14 15 16 17 18 19 |
---------------+----------------------------------------------------------+-----
Spellcasting   | 4 5 6 7 8 9 10 11 12 13 14 15 16 17 18 | 18.5
Conjurations   | 4 5 6 7 8 9 10 11 12 13 14 15 16 17 18 | 18.5
Hexes          | 4 5 6 7 8 9 10 11 12 13 14 15 16 17 18 | 18.5
Summonings     | 4 5 6 7 8 9 10 11 12 13 14 15 16 17 18 | 18.5
Necromancy     | 4 5 6 7 8 9 10 11 12 13 14 16 18 20 21 | 21.5
Translocations | 4 5 6 7 8 9 10 11 12 13 14 15 16 17 18 | 18.5
Fire Magic     | 4 5 6 7 8 9 10 11 12 13 14 15 16 17 18 | 18.5
Ice Magic      | 4 5 6 7 8 9 10 11 12 13 14 15 16 17 18 | 18.5
Air Magic      | 4 5 6 7 8 9 10 11 12 13 14 15 16 17 18 | 18.5
Earth Magic    | 4 5 6 7 8 9 10 11 12 13 14 15 16 17 18 | 18.5
Alchemy        | 4 5 6 7 8 9 10 11 12 13 14 15 16 17 18 | 18.5
Fighting       | 2 4 6 9 11 12 14 16 17 19 20 21 | 21.8
Armour         | 2 4 |  4.0
Shields        | 2 4 6 8 9 11 12 | 12.0
Dodging        | |  2.1
Stealth        | |  1.5

Action                     |  1- 3 |  4- 6 |  7- 9 | 10-12 | 13-15 | 16-18 | 19-21 || total
---------------------------+-------+-------+-------+-------+-------+-------+-------++-------
  Melee: Flail             |       |     1 |     1 |     7 |       |       |       ||     9
         Staff             |       |       |       |       |     4 |    22 |     3 ||    29
   Cast: Magic Dart        |    76 |   105 |   251 |   266 |   506 |   156 |   132 ||  1492
         Iskenderun's Myst |       |     6 |    50 |   148 |   393 |   523 |   151 ||  1271
         Fulminant Prism   |       |     2 |    11 |    32 |    66 |    79 |    38 ||   228
         Frozen Ramparts   |       |       |     1 |     1 |       |       |       ||     2
         Conjure Ball Ligh |       |       |       |       |     3 |     7 |     4 ||    14
         Sandblast         |       |       |       |       |       |     1 |       ||     1
         Call Canine Famil |       |       |       |       |       |       |     1 ||     1
 Invoke: Curse Item        |       |       |       |     2 |     3 |       |     1 ||     6
    Use: Potion            |       |       |     1 |       |     1 |       |     8 ||    10
         Scroll            |       |       |       |    20 |     5 |       |     1 ||    26
 Armour: Robe              |    10 |    10 |    27 |    27 |       |       |       ||    74
         Troll leather arm |       |       |       |    29 |   123 |   164 |    72 ||   388
  Dodge: Dodged            |    11 |     6 |    25 |    31 |    58 |   144 |    69 ||   344
  Block: Buckler           |       |       |     5 |    19 |       |       |       ||    24
         Kite shield       |       |       |       |    14 |   161 |   221 |   119 ||   515
         Reflection        |       |       |       |     2 |    16 |    33 |    20 ||    71

Table legend: (Time is in decaauts)
 A = Elapsed time spent in this place.
 B = Non-inter-level travel time spent in this place.
 C = Inter-level travel time spent in this place.
 D = Time resting spent in this place.
 E = Time spent auto-exploring this place.
 F = Levels seen in this place.
 G = Mean time per level.
                   A        B        C        D        E       F      G
               +--------+--------+--------+--------+--------+-----+--------+
         Total |  32422 |  30359 |   2063 |   2510 |  21645 |  33 |  982.5 |
       Dungeon |  15753 |  14590 |   1163 |    606 |  11915 |  15 | 1050.2 |
        Temple |      5 |      5 |      0 |      0 |      0 |   1 |    5.0 |
          Lair |   6091 |   5657 |    434 |    203 |   4362 |   5 | 1218.2 |
        Shoals |   4243 |   4155 |     88 |    898 |   1930 |   4 | 1060.8 |
   Spider Nest |   3789 |   3506 |    283 |    229 |   2240 |   4 |  947.2 |
  Orcish Mines |   1286 |   1192 |     94 |    100 |    706 |   2 |  643.0 |
       Ossuary |   1079 |   1079 |      0 |    474 |    393 |   1 | 1079.0 |
      Ice Cave |    173 |    173 |      0 |      0 |     99 |   1 |  173.0 |
               +--------+--------+--------+--------+--------+-----+--------+

Top non-repeatable levels by time:
     D:7: 1644 daAuts
  Lair:3: 1388 daAuts
  Lair:4: 1305 daAuts
Shoals:1: 1293 daAuts
  Lair:1: 1261 daAuts
Shoals:2: 1193 daAuts
     D:8: 1182 daAuts
    D:15: 1165 daAuts
    D:12: 1138 daAuts
    D:14: 1125 daAuts
     D:9: 1124 daAuts
  Lair:2: 1116 daAuts
Shoals:3: 1096 daAuts
 Ossuary: 1079 daAuts
Spider:4: 1077 daAuts
